 Dungeon Crawl Stone Soup version 0.19.5 (webtiles) character file.

4104 Haldmier the Cudgeler (level 10, -4/93 (98) HPs)
             Began as an Ogre Wizard on May 13, 2017.
             Was an Initiate of Ashenzari.
             Slain by a troll (11 damage)
             ... on level 6 of the Dungeon.
             The game lasted 00:47:29 (11212 turns).

Haldmier the Cudgeler (Ogre Wizard)                Turns: 11212, Time: 00:47:30

HP:   -4/93 (98)    AC:  6    Str: 17    XL:     10   Next: 26%
MP:   12/20         EV: 10    Int: 13    God:    Ashenzari [......]
Gold: 427           SH:  0    Dex:  8    Spells: 6 memorised, 9 levels left

rFire  + . .     SeeInvis +     b - +1 dagger (venom)
rCold  + . .     Gourm    .     T - +2 robe {rC+ rF+}
rNeg   + . .     Faith    .     (no shield)
rPois  +         Spirit   .     j - +0 hat
rElec  .         Reflect  .     X - +0 cloak
rCorr  .         Harm     .     (gloves unavailable)
MR     +....                    (boots unavailable)
Stlth  ++........               (no amulet)
                                g - ring of wizardry
                                k - ring of the Wary Lies {rPois rN+ Int-4 SInv Stlth+} (curse)

@: repel missiles, drained
A: unfitting armour, tough skin 1
a: Curse Item, Renounce Religion


You were on level 6 of the Dungeon.
You worshipped Ashenzari.
Ashenzari was noncommittal.
You were hungry.

You visited 2 branches of the dungeon, and saw 8 of its levels.

You collected 427 gold pieces.

Inventory:

Hand Weapons
 a - a +0 dire flail of protection
 b - a +1 dagger of venom (weapon)
 u - a +0 trident
 D - a +1 mace of holy wrath
 I - a +3 spear of venom
 V - a +1 giant spiked club
Missiles
 J - 7 tomahawks (quivered)
 K - 5 large rocks
Armour
 j - a +0 hat (worn)
 T - a +2 robe of resistance (worn)
 X - a +0 cloak (worn)
Jewellery
 g - a ring of wizardry (right hand)
 k - the cursed ring of the Wary Lies (left hand) {rPois rN+ Int-4 SInv Stlth+}
   (You acquired it in the Ecumenical Temple)

   [ring of positive energy]

   It affects your intelligence (-4).
   It protects you from poison.
   It protects you from negative energy.
   It lets you see invisible.
   It makes you more stealthy.
   It has a curse placed upon it.
 o - an uncursed ring of fire
 R - an uncursed ring of resist corrosion
Wands
 B - a wand of polymorph (0/24)
 O - a wand of digging (14/24)
 P - a wand of flame (18/48)
Scrolls
 f - 5 scrolls of remove curse
 i - a scroll of identify
 p - 2 scrolls of teleportation
 v - a scroll of recharging
 A - 3 scrolls of amnesia
 G - 2 scrolls of enchant armour
Potions
 h - a potion of lignification
 l - 2 potions of heal wounds
 q - 2 potions of curing
 r - a potion of ambrosia
 w - a potion of haste
 E - a potion of magic
 L - 2 potions of berserk rage
 M - a potion of cure mutation
 N - a potion of flight
 Q - a potion of might
Books
 c - a book of Minor Magic

   Spells                             Type                      Level
   a - Magic Dart                     Conjuration                  1
   b - Blink                          Translocation                2
   c - Call Imp                       Summoning                    2
   d - Repel Missiles                 Charms/Air                   2
   e - Slow                           Hexes                        2
   f - Conjure Flame                  Conjuration/Fire             3
   g - Mephitic Cloud                 Conjuration/Poison/Air       3
Comestibles
 d - 5 bread rations
 n - 2 beef jerkies
 s - 2 meat rations
 z - 2 slices of pizza
 S - 3 fruits


   Skills:
 + Level 6.1(5.9) Fighting
 * Level 7.6(7.5) Maces & Flails
 + Level 3.1(3.0) Dodging
 - Level 1.4(1.2) Stealth
 + Level 6.8(6.6) Spellcasting
 + Level 3.8(3.7) Conjurations
 - Level 2.0(1.9) Charms
 - Level 3.0(2.8) Summonings
 - Level 3.0(2.8) Translocations
 - Level 3.0(2.9) Fire Magic
 - Level 2.1(1.9) Air Magic
 - Level 3.1(3.0) Poison Magic


You had 9 spell levels left.
You knew the following spells:

 Your Spells              Type           Power        Failure   Level  Hunger
a - Magic Dart            Conj           ##..         1%          1    None
b - Blink                 Tloc           N/A          4%          2    #......
c - Call Imp              Summ           ##......     4%          2    #......
d - Conjure Flame         Conj/Fire      ##......     4%          3    ###....
e - Mephitic Cloud        Conj/Pois/Air  ##......     6%          3    ###....
f - Repel Missiles        Chrm/Air       #.....       4%          2    #......


Dungeon Overview and Level Annotations

Branches:
Dungeon (7/15)             Temple (1/1) D:7

Altars:
Ashenzari
Cheibriados
Dithmenos
Elyvilon
Fedhas
Gozag
Hepliaklqana
Kikubaaqudgha
Makhleb
Nemelex Xobeh
Okawaru
Qazlal
Ru
Sif Muna
Trog
Uskayaw
Vehumet
Xom
Yredelemnul
Zin
The Shining One

Shops:
D:6 [

Annotations:
D:1 A few rooms accross water


Innate Abilities, Weirdness & Mutations

You are too large for most types of armour.
You have tough skin. (AC +1)


Message History

You take 23 damage, and have 27/93 hp.
MASSIVE DAMAGE!!
Casting: Mephitic Cloud
Confirm with . or Enter, or press ? or * to list all spells.
You blink.
You now have 15/20 mp.
Casting: Blink
Confirm with . or Enter, or press ? or * to list all spells.
Aiming: Mephitic Cloud
Press: ? - help, Shift-Dir - straight line, f/p - troll
Aim: a troll (heavily wounded, poisoned)
The ball explodes into a vile cloud!
The stinking cloud engulfs the troll.
The troll is heavily wounded.
The troll is engulfed in noxious fumes.
The troll appears confused.
You now have 12/20 mp.
The troll is engulfed in noxious fumes.
The troll bites you!
* * * LOW HITPOINT WARNING * * *
The troll claws you!
* * * LOW HITPOINT WARNING * * *
The troll claws you!
You die...

#........#...#
#........#....
########..[.....#....
#...............'....
#...............#....
#...............#....
#......[........#...#
#.......###'#######'#
#...@...#......#.....
#....T..#......'.....
#....§§§#......#.....
#....§§§#......##....
#.......#......##....
#.......#............
#.......#............
#.......#............
#.......#...##'####..


You could see a troll (confused).

Vanquished Creatures
  The ghost of geeseburger the Basher, a novice OgGl of Uskayaw (D:5)
  A wyvern (D:7)
  Menkaure (D:5)
  Edmund (D:4)
  The ghost of snowfan the Conjurer, an amateur OpWz (D:3)
  3 sky beasts (D:6)
  An ice beast (D:4)
  A black bear (D:6)
  8 necrophages
  4 ogres
  2 centaurs
  A bullfrog (D:6)
  A gnoll sergeant (D:5)
  A wight (D:7)
  2 howler monkeys
  2 bullfrog zombies (D:7)
  5 hounds
  A jelly (D:6)
  3 orc priests
  A centaur skeleton (D:7)
  11 orc wizards
  2 iguanas
  3 worker ants
  2 killer bee zombies (D:7)
  2 hound zombies
  2 hound skeletons
  A mummy (D:7)
  A worker ant zombie (D:7)
  A howler monkey zombie (D:7)
  5 gnolls
  A howler monkey skeleton (D:4)
  13 adders
  An adder zombie (D:7)
  An ooze (D:4)
  5 worms
  2 dart slugs (D:1)
  6 leopard geckos
  47 orcs
  6 giant cockroaches
  6 goblins
  8 hobgoblins
  4 jackals
  3 quokkas
  3 ball pythons
  7 bats
  2 frilled lizards
  4 kobolds
  A leopard gecko skeleton (D:4)
  A leopard gecko zombie (D:7)
  6 rats
198 creatures vanquished.

Vanquished Creatures (collateral kills)
  A gnoll (D:5)
1 creature vanquished.

Grand Total: 199 creatures vanquished

Notes
Turn   | Place    | Note
-------+----------+-------------------------------------------
     0 | D:1      | Haldmier the Ogre Wizard began the quest for the Orb.
     0 | D:1      | Reached XP level 1. HP: 16/16 MP: 5/5
    90 | D:1      | Reached skill level 1 in Conjurations
   349 | D:1      | Reached XP level 2. HP: 13/26 MP: 1/6
   504 | D:1      | Learned a level 2 spell: Blink
   507 | D:1      | Learned a level 2 spell: Call Imp
  1187 | D:2      | Reached skill level 1 in Fighting
  1239 | D:2      | Reached XP level 3. HP: 33/33 MP: 5/8
  1244 | D:2      | Learned a level 3 spell: Mephitic Cloud
  1366 | D:2      | Found a blossoming altar of Fedhas.
  1772 | D:2      | Reached XP level 4. HP: 40/41 MP: 5/10
  2470 | D:2      | Learned a level 3 spell: Conjure Flame
  2539 | D:2      | Reached skill level 1 in Summonings
  2539 | D:2      | Reached skill level 1 in Translocations
  2857 | D:3      | Reached XP level 5. HP: 17/48 MP: 9/11
  3094 | D:3      | Noticed snowfan's ghost (amateur OpWz)
  3849 | D:3      | Learned a level 2 spell: Repel Missiles
  3851 | D:3      | Reached skill level 1 in Air Magic
  4449 | D:3      | Killed snowfan's ghost
  4449 | D:3      | Reached XP level 6. HP: 47/57 MP: 2/13
  4688 | D:4      | Reached skill level 1 in Fire Magic
  4688 | D:4      | Reached skill level 1 in Poison Magic
  4745 | D:4      | Noticed Edmund
  4779 | D:4      | Killed Edmund
  4779 | D:4      | Reached skill level 1 in Maces & Flails
  4779 | D:4      | Reached skill level 5 in Spellcasting
  4779 | D:4      | Reached XP level 7. HP: 66/66 MP: 11/14
  5493 | D:4      | Reached skill level 2 in Maces & Flails
  5528 | D:4      | Reached skill level 1 in Charms
  6008 | D:5      | Entered Level 5 of the Dungeon
  6035 | D:5      | Reached XP level 8. HP: 67/75 MP: 15/15
  6723 | D:5      | Reached skill level 3 in Maces & Flails
  6756 | D:5      | Noticed Menkaure
  6762 | D:5      | Killed Menkaure
  6940 | D:5      | Noticed geeseburger's ghost (novice OgGl)
  6950 | D:5      | Killed geeseburger's ghost
  6950 | D:5      | Reached skill level 4 in Maces & Flails
  6950 | D:5      | Reached XP level 9. HP: 77/85 MP: 14/17
  7916 | D:6      | Reached skill level 5 in Maces & Flails
  8404 | D:6      | Found Kilo's Antique Armour Shoppe.
  8972 | D:7      | Reached skill level 5 in Fighting
  9310 | D:7      | Noticed a troll
  9539 | D:6      | Reached skill level 6 in Maces & Flails
  9904 | D:6      | Reached XP level 10. HP: 72/95 MP: 19/19
 10527 | D:7      | Reached skill level 7 in Maces & Flails
 10796 | D:7      | Found a staircase to the Ecumenical Temple.
 10805 | Temple   | Entered the Ecumenical Temple
 11007 | Temple   | Became a worshipper of Ashenzari the Shackled
 11137 | Temple   | Identified a scroll of acquirement
 11137 | Temple   | Identified the cursed ring of the Wary Lies {rPois rN+ Int-4 SInv Stlth+} (You acquired it in the Ecumenical Temple)
 11212 | D:6      | Slain by a troll

Skill      XL: |  1  2  3  4  5  6  7  8  9 10 |
---------------+-------------------------------+-----
Conjurations   | 1 2 3 |  3.8
Spellcasting   | 4 5 6 |  6.8
Fighting       | 1 2 3 4 5 6 |  6.1
Summonings     | 1 2 3 |  3.0
Translocations | 1 2 3 |  3.0
Air Magic      | 1 2 |  2.1
Fire Magic     | 1 2 3 |  3.0
Poison Magic   | 1 2 3 |  3.1
Maces & Flails | 1 2 4 6 7 |  7.6
Charms         | 1 2 |  2.0
Dodging        | 2 3 |  3.1
Stealth        | |  1.4

Action                   |  1- 3 |  4- 6 |  7- 9 | 10-12 || total
-------------------------+-------+-------+-------+-------++-------
Melee: Unarmed           |     3 |     8 |       |       ||    11
       Dagger            |    28 |    93 |   289 |    41 ||   451
       Mace              |       |    10 |    19 |    23 ||    52
       Dire flail        |       |       |    64 |    24 ||    88
       Trident           |       |       |    84 |       ||    84
Throw: Tomahawk          |       |       |     7 |       ||     7
 Cast: Magic Dart        |    61 |    84 |    79 |    23 ||   247
       Conjure Flame     |       |     2 |    16 |     4 ||    22
       Mephitic Cloud    |       |     3 |    25 |     7 ||    35
       Call Imp          |       |     2 |       |       ||     2
       Repel Missiles    |       |       |     2 |       ||     2
       Blink             |       |       |     3 |     5 ||     8
  Use: Scroll            |       |       |       |    20 ||    20
 Stab: Sleeping          |       |     2 |       |       ||     2
       Confused          |       |       |    10 |     1 ||    11
  Eat: Chunk             |     3 |     9 |    19 |     5 ||    36
Armor: Robe              |    16 |    19 |    69 |    30 ||   134
Dodge: Dodged            |    24 |    42 |   163 |    61 ||   290
       Deflected         |       |       |     1 |       ||     1
